 Dungeon Crawl Stone Soup version 0.31-a0-198-g2ad674f65e (webtiles) character file.

Game seed: 9897465975672924815

80 qw the Shooter (level 4, -1/25 HPs)
             Began as a Deep Elf Hunter on June 25, 2023.
             Slain by Natasha (4 damage)
             ... on level 3 of the Dungeon.
             The game lasted 00:00:33 (1750 turns).

qw the Shooter (Deep Elf Hunter)                    Turns: 1750, Time: 00:00:34

Health: -1/25      AC:  6    Str: 10    XL:     4   Next: 18%
Magic:  6/6        EV: 11    Int: 14    God:
Gold:   136        SH:  0    Dex: 18    Spells: 3/3 levels left

rFire   . . .        Y - +3 orcbow
rCold   . . .        (shield currently unavailable)
rNeg    + . .        i - +0 ring mail
rPois   .            (no helmet)
rElec   .            (no cloak)
rCorr   .            (no gloves)
SInv    .            d - +0 pair of boots
Will    .....        (no amulet)
Stlth   +            f - ring of positive energy
HPRegen 0.24/turn    (no ring)
MPRegen 0.10/turn

%: no passive effects
@: no status effects
A: no striking features
a: no special abilities


You were on level 3 of the Dungeon.
You visited 1 branch of the dungeon, and saw 3 of its levels.

You collected 136 gold pieces.


   Skills:
 - Level 1.5 Fighting
 + Level 7.6 Ranged Weapons
 - Level 2.4 Dodging
 - Level 1.2 Stealth


You had 3 spell levels left.
You didn't know any spells.
Your spell library was empty.

Inventory:

Hand Weapons
 Y - a +3 orcbow (weapon)
Armour
 d - a +0 pair of boots (worn)
 i - a +0 ring mail (worn)
Jewellery
 f - a ring of positive energy (left hand)
Scrolls
 a - a scroll of teleportation {unknown}
 b - a scroll of immolation {unknown}
 m - a scroll of identify
Potions
 e - a potion of mutation {unknown}
 h - a potion of degeneration {unknown}
 j - a potion of heal wounds {unknown}
 l - a potion of curing

Dungeon Overview and Level Annotations

Branches:
Dungeon (3/15)

Altars:
Vehumet

Annotations:
D:3 Natasha


Message History

Natasha casts a spell.
1743 ||| Stepping ~*~*~tactically~*~*~ (outnumbered).
The goblin barely misses you.
You shoot an arrow. The arrow hits Robin!
Robin is heavily wounded.
Robin hits you but does no damage. The goblin misses you.
Robin hits you with a +0 dagger. The goblin hits you but does no damage.
You shoot an arrow. The arrow hits Robin.
Robin is almost dead.
Robin roars a battlecry!
The goblin goes into a battle-frenzy!
The goblin closely misses you. Natasha closely misses you.
You hear a shout!
You shoot an arrow. The arrow hits Robin.
You kill Robin!
The cerulean imp hits you from afar with a +1 spear.
A hobgoblin comes into view.
The goblin barely misses you.
Natasha stares at you and mumbles some strange words.
The magic dart hits you. The cerulean imp barely misses you.
You have reached level 4!
You feel clever.
You shoot an arrow. The arrow barely misses Natasha.
The goblin hits you but does no damage. Natasha claws you.
The cerulean imp closely misses you. The goblin barely misses you.
A goblin comes into view. It is wielding a +0 dagger.
You shoot an arrow. The goblin shouts!
The arrow hits the dart slug!
You kill the dart slug!
Natasha barely misses you. The cerulean imp closely misses you.
The goblin hits you but does no damage. Natasha claws you.
You shoot an arrow. The arrow hits Natasha.
Natasha is moderately wounded.
The cerulean imp hits you but does no damage.
The goblin hits you but does no damage. Natasha misses you.
You shoot an arrow. The arrow hits Natasha.
Natasha is severely wounded.
The cerulean imp hits you from afar with a +1 spear.
The goblin closely misses you. Natasha claws you.
You die...

.. #. #. #.
#.##### #.....#
#####.# #
#######.### ...
.....g.gg@###..#
#######.).h55..#
###.###%##
##############
#.#
.............#
#.#
############.#
#.# #.# #.# #.#
#.# #.# #.#


You could see Natasha, 2 cerulean imps, a hobgoblin and 2 goblins.

Vanquished Creatures
  Robin (D:3)
  An adder (D:2)
  2 worms
  A dart slug (D:3)
  3 bats
  4 endoplasms
  A giant cockroach (D:2)
  8 goblins
  7 hobgoblins
  2 quokkas (D:3)
  7 ball pythons
  3 frilled lizards
  5 kobolds
  5 rats
50 creatures vanquished.

Notes
Turn   | Place    | Note
-------+----------+-------------------------------------------
     0 | D:1      | qw the Deep Elf Hunter began the quest for the Orb.
     0 | D:1      | Reached XP level 1. HP: 12/12 MP: 3/3
     0 | D:1      | 0 ||| qw: Version: 0.3-a-22-g0ed2b0b
     0 | D:1      | 0 ||| qw: Game counter: 5233
     0 | D:1      | 0 ||| qw: Melee chars always use a shield: true
     0 | D:1      | 0 ||| qw: God list: Okawaru
     0 | D:1      | 0 ||| qw: Allow faded altars: false
     0 | D:1      | 0 ||| qw: Do Orc after clearing Dungeon:15 true
     0 | D:1      | 0 ||| qw: Do second Lair branch before Depths: true
     0 | D:1      | 0 ||| qw: Lair rune preference: random
     0 | D:1      | 0 ||| qw: Goals: Normal
     0 | D:1      | 0 ||| PLANNING D:1-11
   108 | D:1      | Reached skill level 6 in Ranged Weapons
   108 | D:1      | Reached XP level 2. HP: 16/16 MP: 4/4
   859 | D:1      | 859 ||| SWAPPING to +0 orcbow.
   863 | D:1      | 863 ||| DROPPING +0 shortbow.
   873 | D:1      | 873 ||| UPGRADING to +0 pair of boots.
   878 | D:1      | 878 ||| UPGRADING to +0 ring mail.
   888 | D:1      | 888 ||| DROPPING +0 leather armour.
   889 | D:1      | 889 ||| UPGRADING to ring of positive energy.
   890 | D:1      | 890 ||| READING scroll labelled SAILUOSEUD.
   891 | D:1      | 891 ||| DROPPING scroll of butterflies.
  1055 | D:2      | Reached XP level 3. HP: 20/20 MP: 5/5
  1133 | D:2      | Reached skill level 7 in Ranged Weapons
  1455 | D:2      | Found a radiant altar of Vehumet.
  1503 | D:2      | 1503 ||| READING scroll labelled BAESOU MUOSIWI.
  1504 | D:2      | 1504 ||| READING scroll labelled YFOIXI BOIHEZAS.
  1505 | D:2      | 1505 ||| READING scroll labelled WOIXUEKLEE.
  1506 | D:2      | 1506 ||| READING 3 scrolls labelled SYKANA HIRIA.
  1507 | D:2      | 1507 ||| READING 2 scrolls of enchant weapon.
  1507 | D:2      | 1507 ||| ENCHANTING +1 orcbow.
  1508 | D:2      | 1508 ||| READING scroll of enchant weapon.
  1508 | D:2      | 1508 ||| ENCHANTING +2 orcbow.
  1509 | D:2      | 1509 ||| READING 2 scrolls labelled MOUTYE GELOSIC.
  1510 | D:2      | 1510 ||| DRINKING 2 smoky grey potions.
  1559 | D:2      | 1559 ||| DRINKING 2 coppery potions.
  1560 | D:2      | 1560 ||| DROPPING potion of lignification.
  1726 | D:3      | 1726 ||| FLEEEEING.
  1738 | D:3      | Noticed Natasha
  1738 | D:3      | Noticed Robin
  1743 | D:3      | 1743 ||| Stepping ~*~*~tactically~*~*~ (outnumbered).
  1746 | D:3      | Killed Robin
  1747 | D:3      | Reached XP level 4. HP: 15/25 MP: 6/6
  1748 | D:3      | HP: 5/25 [Natasha (5)]
  1750 | D:3      | Slain by Natasha

Levels and vault maps discovered:
D:1:      lightli_arrival_chessboard, layout_basic, minmay_misc_feat_room
D:2:      layout_loops_ring, basic_altar, corexii_leaking_fountain,
          minmay_misc_feat_four_crosses
D:3:      layout_loops_ring, uniq_terence, uniq_robin, uniq_natasha,
          uniq_sigmund

Skill      XL: |  1  2  3 |
---------------+----------+-----
Ranged Weapons | 6 7 |  7.6
Fighting       | |  1.5
Dodging        | |  2.4
Stealth        | |  1.2

Action                     |  1- 3 |  4- 6 || total
---------------------------+-------+-------++-------
   Fire: Shortbow          |    33 |       ||    33
         Orcbow            |    65 |     4 ||    69
    Use: Scroll            |     8 |       ||     8
         Potion            |     2 |       ||     2
 Armour: Leather armour    |     4 |       ||     4
         Ring mail         |     7 |     4 ||    11
  Dodge: Dodged            |    17 |     6 ||    23

Table legend:
 A = Non-vault XP
 B = Vault XP
 C = Vault XP percentage of total XP
 D = Non-vault monster count
 E = Vault monster count
 F = Vault count percentage of total count
                 A         B        C        D         E       F
            +---------+---------+-------+---------+---------+-------
      Total |      93 |      22 |  19.1 |      45 |       5 |  10.0
            +---------+---------+-------+---------+---------+-------
        D:1 |      33 |       0 |   0.0 |      21 |       0 |   0.0
        D:2 |      36 |       0 |   0.0 |      12 |       0 |   0.0
        D:3 |      24 |      22 |  47.8 |      12 |       5 |  29.4
            +---------+---------+-------+---------+---------+-------
